 Dungeon Crawl Stone Soup version 0.25-a0-424-g80bd347ae0 (webtiles) character file.

Game seed: 9185088809339419740, levelgen mode: deterministic

7 MrRokkomies the Ducker (level 1, -12/11 HPs)
             Began as a Spriggan Abyssal Knight on Jan 20, 2020.
             Was a Follower of Lugonu.
             Mangled by a sixfirhy (13 damage)
             ... on level 2 of the Abyss.
             The game lasted 00:01:00 (113 turns).

MrRokkomies the Ducker (Spriggan Abyssal Knight)     Turns: 113, Time: 00:01:01

Health: -12/11     AC:  2    Str:  8    XL:     1   Next: 91%
Magic:  3/3        EV: 19    Int: 13    God:    Lugonu [*.....]
Gold:   74         SH:  0    Dex: 15    Spells: 0/0 levels left

rFire    . . .     SeeInvis +   a - +1 short sword
rCold    . . .     Gourm    .   (shield restricted)
rNeg     . . .     Faith    .   b - +0 robe
rPois    .         Spirit   .   (helmet restricted)
rElec    .         Reflect  .   (no cloak)
rCorr    .         Harm     .   (gloves unavailable)
MR       .....                  (boots unavailable)
Stlth    +.........             (no amulet)
HPRegen  0.00/turn              (no ring)
MPRegen  0.08/turn              (no ring)

@: non-regenerating, diseased, very quick
A: very small, unfitting armour, see invisible, herbivore, speed 3, slow
metabolism 2
a: Depart the Abyss, Renounce Religion


You were on level 2 of the Abyss.
You worshipped Lugonu.
Lugonu was aware of your devotion.
You were not hungry.

You visited 0 branches of the dungeon, and saw 0 of its levels.
You visited the Abyss 1 time.

You collected 74 gold pieces.

Inventory:

Hand Weapons
 a - a +1 short sword (weapon)
Armour
 b - a +0 robe (worn)
Wands
 d - a wand of flame (18)
Scrolls
 e - a scroll of fog {unknown}
 f - a scroll of acquirement {unknown}
Comestibles
 c - 3 rations


   Skills:
 + Level 2.6 Fighting
 + Level 2.3 Short Blades
 + Level 3.7 Dodging
 + Level 1.8 Invocations


You couldn't memorise any spells.
You didn't know any spells.
Your spell library was empty.

Dungeon Overview and Level Annotations

Branches:
Dungeon (0/15)

Altars:


Innate Abilities, Weirdness & Mutations

You are very small and have problems with some larger weapons.
You are too small for most types of armour.
You have supernaturally acute eyesight. (SInv)
You are a herbivore.
You cover ground extremely quickly.
You need to consume almost no food.


Message History

The white imp misses you.
Evoke which item? (* to show all) (? for menu, Esc to quit)
Aiming: Throw Flame
Press: ? - help, Shift-Dir - straight line, f - white imp
Aim: a white imp The puff of flame misses the white imp.
A sixfirhy comes into view.
The white imp gestures at you. The puff of frost hits you!
Ouch! That really hurt!
* * * LOW HITPOINT WARNING * * *
Evoke which item? (* to show all) (? for menu, Esc to quit)
Aiming: Throw Flame
Press: ? - help, Shift-Dir - straight line, f/p - white imp
Aim: a white imp The puff of flame hits the white imp!
The white imp is burned terribly!
You kill the white imp!
The sixfirhy hits you!
Ouch! That really hurt!
You die...

##.. # .#. #.. ..
# # .. .. .. ...#
.. # .#.# #.. .
... . ##.. .###
#.#..###... #..
##........#.
###.# ..#.#
..x...
#@#.##..##..x.#.
.
##3X.#.##..##...#
##...###.#...# ..
###.##...##.##..
##...###. # ..
#..#.......#.
##..##.##. . ##..
.. . .# ..# #


You could see a large abomination and a sixfirhy.

Vanquished Creatures
  A white imp (Abyss:2)
1 creature vanquished.

Notes
Turn   | Place    | Note
-------+----------+-------------------------------------------
     0 | Abyss:1  | MrRokkomies the Spriggan Abyssal Knight began the quest for
                  | the Orb.
     0 | Abyss:1  | Reached XP level 1. HP: 11/11 MP: 3/3
     8 | Abyss:2  | Found a roughly hewn altar of Beogh.
    47 | Abyss:2  | Noticed a large abomination
    63 | Abyss:2  | Noticed an iron imp
    90 | Abyss:2  | Noticed a large abomination
    93 | Abyss:2  | Noticed an ancient zyme
    99 | Abyss:2  | Noticed a large abomination
   109 | Abyss:2  | Noticed a sixfirhy
   113 | Abyss:2  | Mangled by a sixfirhy

Levels and vault maps discovered:
Abyss:2:  evilmike_abyss_exit_7

Action                   || total
-------------------------++-------
Evoke: Wand              ||     2
Dodge: Dodged            ||     1

Table legend:
 A = Non-vault XP
 B = Vault XP
 C = Vault XP percentage of total XP
 D = Non-vault monster count
 E = Vault monster count
 F = Vault count percentage of total count
                 A         B        C        D         E       F
            +---------+---------+-------+---------+---------+-------
      Total |      11 |       0 |   0.0 |       1 |       0 |   0.0
            +---------+---------+-------+---------+---------+-------
    Abyss:2 |      11 |       0 |   0.0 |       1 |       0 |   0.0
            +---------+---------+-------+---------+---------+-------
